 Dungeon Crawl Stone Soup version 0.29.1-15-g9cfb28693d (webtiles) character file.

Game seed: 4775818445732322122

67 leafyfresh the Sneak (level 4, -3/33 HPs)
             Began as an Octopode Delver on Apr 18, 2023.
             Slain by a gnoll
             ... wielding a +0 flail
              (9 damage)
             ... on level 5 of the Dungeon.
             The game lasted 00:00:18 (66 turns).

leafyfresh the Sneak (Octopode Delver)                Turns: 66, Time: 00:00:18

Health: -3/33      AC:  1    Str: 11    XL:     4   Next: 18%
Magic:  4/4        EV: 13    Int: 14    God:
Gold:   0          SH:  0    Dex: 13    Spells: 3/3 levels left

rFire   . . .      SeeInvis .   a - +0 short sword
rCold   . . .      Faith    .   (no shield)
rNeg    . . .      Spirit   .   (helmet restricted)
rPois   .          Reflect  .   (no amulet)
rElec   .          Harm     .   (no ring)
rCorr   .          Rampage  .   (no ring)
Will    .....                   (no ring)
Stlth   ++++......              (no ring)
HPRegen 0.11/turn               (no ring)
MPRegen 0.09/turn               (no ring)
                                (no ring)
                                (no ring)

@: no status effects
A: almost no armour, amphibious, 8 rings, camouflage 1, gelatinous body 1,
(nimble swimmer 1), tentacles
a: no special abilities


You were on level 5 of the Dungeon.
You visited 1 branch of the dungeon, and saw 1 of its levels.

Inventory:

Hand Weapons
 a - a +0 short sword (weapon)
Wands
 f - a wand of digging (3)
Scrolls
 b - a scroll of fog
 c - a scroll of magic mapping
 d - a scroll of fear
 g - a scroll of amnesia {unknown}
Potions
 e - a potion of haste


   Skills:
 + Level 3.7 Fighting
 - Level 2.0 Short Blades
 + Level 2.9 Dodging
 + Level 7.3 Stealth


You had 3 spell levels left.
You didn't know any spells.
Your spell library was empty.

Dungeon Overview and Level Annotations

Branches:
Dungeon (5/15)
 Temple: D:4-7

Altars:


Innate Abilities, Weirdness & Mutations

You cannot wear most types of armour.
You are amphibious.
You can wear up to eight rings at the same time.
Your skin changes colour to match your surroundings (Stealth+).
Your rubbery body absorbs attacks. (AC +1, EV +1)
((You are camouflaged when in or above water. (Stealth+)))
You have tentacles for arms and can constrict up to eight enemies at once.


Message History

Found a dagger.
No target in view!
g - a scroll labelled ZITWOI ORROI No target in view!
Found a robe.
No target in view!
A hound and a gnoll come into view.
The hound barks!
You hear an angry hiss.
The hound bites you. x2
There are monsters nearby!
You closely miss the hound.
The gnoll shouts!
Your grab misses the hound. Your squeeze misses the hound. The hound bites you.
A gnoll comes into view. It is wielding a +0 flail.
There are monsters nearby!
You are too injured to fight recklessly!
There are monsters nearby!
You are too injured to fight recklessly!
There are monsters nearby!
Unknown command.
You hit the hound but do no damage. Your grab misses the hound.
The hound closely misses you. The hound bites you.
* * * LOW HITPOINT WARNING * * *
You hit the hound. You grab the hound. You squeeze the hound.
The hound is heavily wounded.
You constrict the hound. The hound bites you.
* * * LOW HITPOINT WARNING * * *
You hit the hound.
The hound is almost dead.
You constrict the hound. The hound bites you.
* * * LOW HITPOINT WARNING * * *
The hound closely misses you.
You hit the hound.
You kill the hound!
You have reached level 4!
You completely miss the gnoll. You grab the gnoll.
You constrict the gnoll, but do no damage.
An iguana comes into view.
The gnoll hits you with a +0 flail!
You die...

####.#####
.....gg@.#
####l###.#
#.# #.# #.#
#.# #.# #.
#.#...#...#
#.#######
#.#...#...#


You could see an iguana and 2 gnolls.

Vanquished Creatures
  2 hounds (D:5)
  An adder (D:5)
3 creatures vanquished.

Notes
Turn   | Place    | Note
-------+----------+-------------------------------------------
     0 | D:5      | leafyfresh the Octopode Delver began the quest for the Orb.
     0 | D:5      | Reached XP level 1. HP: 16/16 MP: 1/1
    10 | D:5      | Noticed a hound
    17 | D:5      | Killed a hound
    18 | D:5      | Reached skill level 7 in Stealth
    18 | D:5      | Reached XP level 2. HP: 21/21 MP: 2/2
    18 | D:5      | Reached XP level 3. HP: 26/26 MP: 3/3
    66 | D:5      | Reached XP level 4. HP: 6/33 MP: 4/4
    66 | D:5      | Slain by a gnoll

Illustrated notes

Levels and vault maps discovered:
D:5:      layout_basic, uniq_prince_ribbit1

Skill      XL: |  1 |
---------------+----+-----
Stealth        | 7 |  7.3
Fighting       | |  3.7
Short Blades   | |  2.0
Dodging        | |  2.9

Action                   |  1- 3 |  4- 6 || total
-------------------------+-------+-------++-------
Melee: Short sword       |     7 |     1 ||     8
       Constrict         |     1 |     1 ||     2
       Tentacles         |     1 |       ||     1
 Stab: Sleeping          |     2 |       ||     2
Dodge: Dodged            |     2 |       ||     2
